MLB
KANSAS CITY ROYALS @ SEATTLE MARINERS
09/08/2047
 
TOP OF THE 1ST
Kansas City Royals batting - Pitching for Seattle Mariners : RHP Tom Graham
Pitching: RHP Tom Graham
Batting: RHB Matt Belgard 0-0: Called Strike
0-1: Ground out 5-3 (Groundball, 56S, EV 89.4 MPH)
Batting: LHB Mike Meyerhoff 0-0: Ball
1-0: Fly out, F7 (Flyball, 78S, EV 88.8 MPH)
Batting: RHB Mike Jaquez 0-0: Called Strike
0-1: Ball
1-1: Ball
2-1: Called Strike
2-2: Ball
3-2: Foul Ball, location: 2F
3-2: Foul Ball, location: 2F
3-2: Strikes out swinging
Top of the 1st over - 0 runs, 0 hits, 0 errors, 0 left on base; Kansas City 0 - Seattle 0
BOTTOM OF THE 1ST
Seattle Mariners batting - Pitching for Kansas City Royals : LHP John Hall
Pitching: LHP John Hall
Batting: RHB Kaeo Zirpoli 0-0: Foul Ball, location: 2F
0-1: Swinging Strike
0-2: Ball
1-2: Fly out, F8 (Flyball, 8LS, EV 83.8 MPH)
Batting: RHB Jimmy Hammertime 0-0: Called Strike
0-1: Foul Ball, location: 2F
0-2: Ball
1-2: Foul Ball, location: 2F
1-2: Fly out, F8 (Flyball, 8RD, EV 92.5 MPH)
Batting: RHB Jose Vasquez 0-0: Called Strike
0-1: Swinging Strike
0-2: Ball
1-2: Ball
2-2: Ball
3-2: DOUBLE (Line Drive, 9LD, EV 109.4 MPH)
Batting: RHB Pavpv Ivanushkin 0-0: Called Strike
0-1: Ball
1-1: Fly out, F7 (Flyball, 7D, EV 95.6 MPH)
Bottom of the 1st over - 0 runs, 1 hit, 0 errors, 1 left on base; Kansas City 0 - Seattle 0
TOP OF THE 2ND
Kansas City Royals batting - Pitching for Seattle Mariners : RHP Tom Graham
Batting: SHB Jose Pacheco 0-0: Ball
1-0: Swinging Strike
1-1: Ball
2-1: Fly out, F6 (Popup, 6, EV 60.6 MPH)
Batting: SHB Gil Switzer 0-0: Swinging Strike
0-1: SINGLE (Line Drive, 5L, EV 98.1 MPH)
Batting: RHB Bob Najar 0-0: Called Strike
0-1: Called Strike
0-2: Ball
1-2: Ball
2-2: Strikes out looking
Batting: LHB Justin Rupert 0-0: Ball
1-0: Ball
2-0: Ball
3-0: Called Strike
3-1: Foul Ball, location: 2F
3-2: Ground out U3 (Groundball, 3, EV 88.8 MPH)
Top of the 2nd over - 0 runs, 1 hit, 0 errors, 1 left on base; Kansas City 0 - Seattle 0
BOTTOM OF THE 2ND
Seattle Mariners batting - Pitching for Kansas City Royals : LHP John Hall
Batting: LHB Dae-ik Yoon 0-0: Ball
1-0: Ground out 6-3 (Groundball, 6, EV 90.0 MPH)
Batting: RHB Corey Ottinger 0-0: Foul Ball, location: 2F
0-1: Called Strike
0-2: Strikes out swinging
Batting: LHB Jerrod Cluck 0-0: Swinging Strike
0-1: Ground out 5-3 (Groundball, 5, EV 105.6 MPH)
Bottom of the 2nd over - 0 runs, 0 hits, 0 errors, 0 left on base; Kansas City 0 - Seattle 0
TOP OF THE 3RD
Kansas City Royals batting - Pitching for Seattle Mariners : RHP Tom Graham
Batting: LHB Sam Britt 0-0: Foul Ball, location: 2F
0-1: Ball
1-1: Ball
2-1: Ground out 6-3 (Groundball, 4MD, EV 83.8 MPH)
Batting: RHB Mikolas Markus 0-0: Ball
1-0: Called Strike
1-1: SINGLE (Line Drive, 56D, EV 95.6 MPH)
Batting: RHB Matt Belgard 0-0: Grounds into double play, 5-4-3 (Groundball, 56, EV 83.1 MPH)
Top of the 3rd over - 0 runs, 1 hit, 0 errors, 0 left on base; Kansas City 0 - Seattle 0
BOTTOM OF THE 3RD
Seattle Mariners batting - Pitching for Kansas City Royals : LHP John Hall
Batting: RHB Malik Brookshire 0-0: Foul Ball, location: 2F
0-1: Ground out 6-3 (Groundball, 6, EV 111.2 MPH)
Batting: RHB Young-kwang Ohnn 0-0: Ball
1-0: Foul Ball, location: 2F
1-1: Ball
2-1: Fly out, F9 (Line Drive, 9LM, EV 88.1 MPH)
Batting: RHB Kaeo Zirpoli 0-0: Ball
1-0: Ball
2-0: Ball
3-0: Base on Balls
Batting: RHB Jimmy Hammertime 0-0: Called Strike
0-1: Fielders Choice at 2nd, U4 (Groundball, 4M, EV 81.2 MPH)
Bottom of the 3rd over - 0 runs, 0 hits, 0 errors, 1 left on base; Kansas City 0 - Seattle 0
TOP OF THE 4TH
Kansas City Royals batting - Pitching for Seattle Mariners : RHP Tom Graham
Batting: LHB Mike Meyerhoff 0-0: Called Strike
0-1: Ground out 2-3 (Groundball, 15S, EV 68.1 MPH)
Batting: RHB Mike Jaquez 0-0: Called Strike
0-1: Ball
1-1: Ball
2-1: Ground out 1-3 (Groundball, 13S, EV 68.1 MPH)
Batting: SHB Jose Pacheco 0-0: Ball
1-0: Ground out 4-3 (Groundball, 34D, EV 80.6 MPH)
Top of the 4th over - 0 runs, 0 hits, 0 errors, 0 left on base; Kansas City 0 - Seattle 0
BOTTOM OF THE 4TH
Seattle Mariners batting - Pitching for Kansas City Royals : LHP John Hall
Batting: RHB Jose Vasquez 0-0: Called Strike
0-1: SINGLE (Flyball, 56D, EV 97.5 MPH)
Batting: RHB Pavpv Ivanushkin 0-0: Grounds into double play, 5-4-3 (Groundball, 56, EV 87.5 MPH)
Batting: LHB Dae-ik Yoon 0-0: Ball
1-0: DOUBLE (Flyball, 78D, EV 105.6 MPH)
Batting: RHB Corey Ottinger 0-0: Called Strike
0-1: Ground out 5-3 (Groundball, 5, EV 89.4 MPH)
Bottom of the 4th over - 0 runs, 2 hits, 0 errors, 1 left on base; Kansas City 0 - Seattle 0
TOP OF THE 5TH
Kansas City Royals batting - Pitching for Seattle Mariners : RHP Tom Graham
Batting: SHB Gil Switzer 0-0: Ball
1-0: Foul Ball, location: 2F
1-1: Ball
2-1: Ball
3-1: Swinging Strike
3-2: Foul Ball, location: 2F
3-2: Foul Ball, location: 2F
3-2: Foul Ball, location: 2F
3-2: SINGLE (Groundball, 25, EV 63.8 MPH) (infield hit)
Pitching: RHP Jesse Crockett
Batting: RHB Bob Najar 0-0: Swinging Strike
0-1: Ball
1-1: Ball
2-1: Foul Ball, location: 2F
2-2: Fly out, F4 (Line Drive, 6M, EV 81.9 MPH)
Batting: LHB Justin Rupert 0-0: Swinging Strike
0-1: Ball
1-1: SINGLE (Flyball, 3D, EV 92.5 MPH)
Gil Switzer to second
Batting: LHB Sam Britt 0-0: Called Strike
0-1: Swinging Strike
0-2: Ball
1-2: Foul Ball, location: 2F
1-2: Foul Ball, location: 2F
1-2: SINGLE (Groundball, 56, EV 108.8 MPH)
Gil Switzer to third
Justin Rupert to second
Runner from 3rd tries for Home, SAFE, throw by LF to home
Batting: RHB Mikolas Markus 0-0: Swinging Strike
0-1: Ball
1-1: Fly out, F9 (Flyball, 9D, EV 90.0 MPH)
Runner from 2nd tags up, SAFE at 3rd, no throw by RF
Batting: RHB Matt Belgard 0-0: Swinging Strike
0-1: SINGLE (Groundball, 4MD, EV 95.0 MPH)
Justin Rupert scores
Sam Britt to second
Batting: LHB Mike Meyerhoff 0-0: Ball
1-0: Fly out, F6 (Popup, 56, EV 77.5 MPH)
Top of the 5th over - 2 runs, 4 hits, 0 errors, 2 left on base; Kansas City 2 - Seattle 0
BOTTOM OF THE 5TH
Seattle Mariners batting - Pitching for Kansas City Royals : LHP John Hall
Batting: LHB Jerrod Cluck 0-0: SINGLE (Groundball, 6D, EV 104.4 MPH)
Batting: RHB Malik Brookshire 0-0: Swinging Strike
0-1: Ball
1-1: Ball
2-1: Called Strike
2-2: SINGLE (Groundball, 4MD, EV 103.1 MPH)
Jerrod Cluck to second
Runner from 2nd tries for 3rd, SAFE, throw by CF made to third
Batting: RHB Young-kwang Ohnn 0-0: Foul Ball, location: 2F
0-1: Called Strike
0-2: Ball
1-2: Foul Ball, location: 2F
1-2: Ball
2-2: Ball
3-2: Strikes out looking
Batting: RHB Kaeo Zirpoli 0-0: Called Strike
0-1: Ball
1-1: Swinging Strike
1-2: Ball
2-2: Fly out, F7 (Flyball, 7S, EV 92.5 MPH)
Batting: RHB Jimmy Hammertime 0-0: Called Strike
Malik Brookshire steals 2nd base
0-1: Ground out 5-3 (Groundball, 56, EV 89.4 MPH)
Bottom of the 5th over - 0 runs, 2 hits, 0 errors, 2 left on base; Kansas City 2 - Seattle 0
TOP OF THE 6TH
Kansas City Royals batting - Pitching for Seattle Mariners : RHP Jesse Crockett
Batting: RHB Mike Jaquez 0-0: Ball
1-0: Called Strike
1-1: Ground out 5-3 (Groundball, 56, EV 86.2 MPH)
Batting: SHB Jose Pacheco 0-0: Ball
1-0: Ball
2-0: Fly out, F7 (Line Drive, 7, EV 101.2 MPH)
Batting: SHB Gil Switzer 0-0: Swinging Strike
0-1: Foul Ball, location: 2F
0-2: Ball
1-2: Foul Ball, location: 2F
1-2: Foul Ball, location: 2F
1-2: Ball
2-2: Ground out 4-3 (Groundball, 4, EV 90.6 MPH)
Top of the 6th over - 0 runs, 0 hits, 0 errors, 0 left on base; Kansas City 2 - Seattle 0
BOTTOM OF THE 6TH
Seattle Mariners batting - Pitching for Kansas City Royals : LHP John Hall
Batting: RHB Jose Vasquez 0-0: Called Strike
0-1: Ball
1-1: Ball
2-1: SOLO HOME RUN (Flyball, 7D, EV 95.6 MPH), Distance : 365 ft
Batting: RHB Pavpv Ivanushkin 0-0: SINGLE (Line Drive, 7S, EV 94.4 MPH)
Batting: LHB Dae-ik Yoon 0-0: Single, Error in OF, E9, batter to second base (Line Drive, 34D, EV 99.4 MPH)
Pavpv Ivanushkin to third
Batting: RHB Corey Ottinger 0-0: Ball
1-0: Swinging Strike
1-1: Ball
2-1: Called Strike
2-2: Foul Ball, location: 2F
2-2: Foul Ball, location: 2F
2-2: Ball
3-2: Foul Ball, location: 2F
3-2: Strikes out looking
Batting: LHB Jerrod Cluck 0-0: Foul Ball, location: 2F
0-1: Ground out U3 (Groundball, 34S, EV 83.8 MPH)
Pavpv Ivanushkin scores
Dae-ik Yoon to third
Batting: RHB Malik Brookshire 0-0: Called Strike
0-1: SINGLE (Groundball, 6M, EV 94.4 MPH)
Dae-ik Yoon scores
Batting: RHB Young-kwang Ohnn 0-0: Called Strike
0-1: Ball
1-1: Called Strike
1-2: Foul Ball, location: 2F
1-2: Strikes out swinging
Bottom of the 6th over - 3 runs, 4 hits, 1 error, 1 left on base; Kansas City 2 - Seattle 3
TOP OF THE 7TH
Kansas City Royals batting - Pitching for Seattle Mariners : RHP Jesse Crockett
Pitching: LHP Lance Crumpton
Batting: RHB Bob Najar 0-0: Foul Ball, location: 2F
0-1: Swinging Strike
0-2: Strikes out swinging
Pinch Hitting: RHB Adam Martin 0-0: Called Strike
0-1: Swinging Strike
0-2: Foul Ball, location: 2F
0-2: Ball
1-2: Ball
2-2: Ball
3-2: Strikes out swinging
Batting: LHB Sam Britt 0-0: Called Strike
0-1: Ball
1-1: Swinging Strike
1-2: Foul Ball, location: 2F
1-2: Foul Ball, location: 2F
1-2: Strikes out swinging
Top of the 7th over - 0 runs, 0 hits, 0 errors, 0 left on base; Kansas City 2 - Seattle 3
BOTTOM OF THE 7TH
Seattle Mariners batting - Pitching for Kansas City Royals : LHP John Hall
Now at 1B: Adam Martin
Batting: RHB Kaeo Zirpoli 0-0: Fly out, F8 (Line Drive, 8RS, EV 89.4 MPH)
Batting: RHB Jimmy Hammertime 0-0: Ball
1-0: Swinging Strike
1-1: Ground out U3 (Groundball, 3, EV 93.1 MPH)
Batting: RHB Jose Vasquez 0-0: Called Strike
0-1: Fly out, F7 (Flyball, 7D, EV 99.4 MPH)
Bottom of the 7th over - 0 runs, 0 hits, 0 errors, 0 left on base; Kansas City 2 - Seattle 3
TOP OF THE 8TH
Kansas City Royals batting - Pitching for Seattle Mariners : LHP Lance Crumpton
Pitching: RHP David Sly
Batting: RHB Mikolas Markus 0-0: Foul Ball, location: 2F
0-1: Ball
1-1: Called Strike
1-2: Strikes out swinging
Batting: RHB Matt Belgard 0-0: Ball
1-0: Foul Ball, location: 2F
1-1: Foul Ball, location: 2F
1-2: Ball
2-2: Strikes out looking
Pitching: LHP David Anaya
Batting: LHB Mike Meyerhoff 0-0: Called Strike
0-1: Swinging Strike
0-2: Ball
1-2: Strikes out looking
Top of the 8th over - 0 runs, 0 hits, 0 errors, 0 left on base; Kansas City 2 - Seattle 3
BOTTOM OF THE 8TH
Seattle Mariners batting - Pitching for Kansas City Royals : LHP John Hall
Batting: RHB Pavpv Ivanushkin 0-0: Ball
1-0: Ball
2-0: Fly out, F9 (Flyball, 89S, EV 91.2 MPH)
Batting: LHB Dae-ik Yoon 0-0: Ball
1-0: Ball
2-0: SINGLE (Line Drive, 78S, EV 91.2 MPH)
Batting: RHB Corey Ottinger 0-0: Called Strike
0-1: Ball
1-1: Called Strike
1-2: Strikes out swinging
Pitching: RHP Asa Hahn
Batting: LHB Jerrod Cluck 0-0: Ball
1-0: Ball
2-0: Swinging Strike
2-1: Swinging Strike
2-2: Ball
3-2: Foul Ball, location: 2F
3-2: Strikes out swinging
Bottom of the 8th over - 0 runs, 1 hit, 0 errors, 1 left on base; Kansas City 2 - Seattle 3
TOP OF THE 9TH
Kansas City Royals batting - Pitching for Seattle Mariners : LHP David Anaya
Pitching: RHP Omar Colunga
Batting: RHB Mike Jaquez 0-0: Foul Ball, location: 2F
0-1: Swinging Strike
0-2: Strikes out swinging
Batting: SHB Jose Pacheco 0-0: Called Strike
0-1: Ball
1-1: Swinging Strike
1-2: Ball
2-2: Ball
3-2: Base on Balls
Batting: SHB Gil Switzer 0-0: DOUBLE (Line Drive, 7LD, EV 101.2 MPH)
Jose Pacheco to third
Batting: RHB Bob Najar 0-0: Called Strike
0-1: Ball
1-1: Ground out 5-3 (Groundball, 56S, EV 83.1 MPH)
Jose Pacheco scores
Batting: RHB Adam Martin 0-0: Ball
1-0: Foul Ball, location: 2F
1-1: Foul Ball, location: 2F
1-2: Foul Ball, location: 2F
1-2: Strikes out swinging
Top of the 9th over - 1 run, 1 hit, 0 errors, 1 left on base; Kansas City 3 - Seattle 3
BOTTOM OF THE 9TH
Seattle Mariners batting - Pitching for Kansas City Royals : RHP Asa Hahn
Batting: RHB Malik Brookshire 0-0: Ball
1-0: Swinging Strike
1-1: Foul Ball, location: 2F
1-2: Ball
2-2: Foul Ball, location: 2F
2-2: Ball
3-2: Strikes out swinging passed ball, reaches first!
Batting: RHB Young-kwang Ohnn 0-0: Called Strike
0-1: Foul Ball, location: 2F
0-2: Ball
1-2: Ball
2-2: Ball
3-2: Foul Ball, location: 2F
3-2: Fly out, F8 (Flyball, 8LXD, EV 93.1 MPH)
Runner from 1st tags up, SAFE at 2nd
Batting: RHB Kaeo Zirpoli 0-0: Ball
1-0: Ball
2-0: Ground out 4-3 (Groundball, 4, EV 88.8 MPH)
Malik Brookshire to third
Batting: RHB Jimmy Hammertime 0-0: Ball
1-0: Ground out 5-3 (Groundball, 56S, EV 88.1 MPH)
Bottom of the 9th over - 0 runs, 0 hits, 0 errors, 1 left on base; Kansas City 3 - Seattle 3
TOP OF THE 10TH
Kansas City Royals batting - Pitching for Seattle Mariners : RHP Omar Colunga
Batting: LHB Sam Britt 0-0: Called Strike
0-1: Ball
1-1: Ball
2-1: Foul Ball, location: 2F
2-2: Strikes out swinging
Batting: RHB Mikolas Markus 0-0: Ground out 2-3 (Groundball, 13S, EV 64.4 MPH)
Batting: RHB Matt Belgard 0-0: Ball
1-0: Ground out 6-3 (Groundball, 6, EV 100.0 MPH)
Top of the 10th over - 0 runs, 0 hits, 0 errors, 0 left on base; Kansas City 3 - Seattle 3
BOTTOM OF THE 10TH
Seattle Mariners batting - Pitching for Kansas City Royals : RHP Asa Hahn
Batting: RHB Jose Vasquez 0-0: Called Strike
0-1: Swinging Strike
0-2: Strikes out swinging
Batting: RHB Pavpv Ivanushkin 0-0: Ball
1-0: Ball
2-0: SINGLE (Groundball, 56S, EV 68.1 MPH) (infield hit)
Batting: LHB Dae-ik Yoon 0-0: Called Strike
0-1: Ball
1-1: Foul Ball, location: 2F
1-2: Fielders Choice at 2nd, 6-4 (Groundball, 6, EV 100.6 MPH)
Pitching: RHP Jake Gregor
Batting: RHB Corey Ottinger 0-0: Ball
1-0: Called Strike
1-1: Foul Ball, location: 2F
1-2: Strikes out swinging
Bottom of the 10th over - 0 runs, 1 hit, 0 errors, 1 left on base; Kansas City 3 - Seattle 3
TOP OF THE 11TH
Kansas City Royals batting - Pitching for Seattle Mariners : RHP Omar Colunga
Pitching: RHP Victor Cervantes
Batting: LHB Mike Meyerhoff 0-0: Foul Ball, location: 2F
0-1: Ball
1-1: Ball
2-1: Foul Ball, location: 2F
2-2: Foul Ball, location: 2F
2-2: Ball
3-2: Fly out, F6 (Popup, 6, EV 53.8 MPH)
Batting: RHB Mike Jaquez 0-0: Foul Ball, location: 2F
0-1: Ball
1-1: Ball
2-1: Swinging Strike
2-2: Strikes out swinging
Batting: SHB Jose Pacheco 0-0: Ball
1-0: Ball
2-0: Foul Ball, location: 2F
2-1: Foul Ball, location: 2F
2-2: Strikes out swinging
Top of the 11th over - 0 runs, 0 hits, 0 errors, 0 left on base; Kansas City 3 - Seattle 3
BOTTOM OF THE 11TH
Seattle Mariners batting - Pitching for Kansas City Royals : RHP Jake Gregor
Batting: LHB Jerrod Cluck 0-0: Ball
1-0: Ball
2-0: Called Strike
2-1: Ball
3-1: Swinging Strike
3-2: Strikes out swinging, 2-3 out at first.
Batting: RHB Malik Brookshire 0-0: Ball
1-0: Swinging Strike
1-1: Foul Ball, location: 2F
1-2: Strikes out swinging
Batting: RHB Young-kwang Ohnn 0-0: Ball
1-0: Foul Ball, location: 2F
1-1: Swinging Strike
1-2: Foul Ball, location: 2F
1-2: SINGLE (Groundball, 34D, EV 108.1 MPH)
Batting: RHB Kaeo Zirpoli 0-0: Called Strike
Young-kwang Ohnn steals 2nd base
0-1: Foul Ball, location: 2F
0-2: SINGLE (Flyball, 5D, EV 94.4 MPH)
Young-kwang Ohnn to third
Batting: RHB Jimmy Hammertime 0-0: Called Strike
0-1: Foul Ball, location: 2F
0-2: Fly out, F7 (Line Drive, 7, EV 88.8 MPH)
Bottom of the 11th over - 0 runs, 2 hits, 0 errors, 2 left on base; Kansas City 3 - Seattle 3
TOP OF THE 12TH
Kansas City Royals batting - Pitching for Seattle Mariners : RHP Victor Cervantes
Batting: SHB Gil Switzer 0-0: Ball
1-0: Called Strike
1-1: Swinging Strike
1-2: Strikes out swinging
Batting: RHB Bob Najar 0-0: Ball
1-0: Ball
2-0: Foul Ball, location: 2F
2-1: DOUBLE (Line Drive, 78D, EV 104.4 MPH)
Batting: RHB Adam Martin 0-0: Ball
1-0: Foul Ball, location: 2F
1-1: Ball
2-1: Called Strike
2-2: Ball
3-2: Strikes out looking
Batting: LHB Sam Britt 0-0: Called Strike
0-1: Called Strike
0-2: Ground out 4-3 (Groundball, 4, EV 103.1 MPH)
Top of the 12th over - 0 runs, 1 hit, 0 errors, 1 left on base; Kansas City 3 - Seattle 3
BOTTOM OF THE 12TH
Seattle Mariners batting - Pitching for Kansas City Royals : RHP Jake Gregor
Batting: RHB Jose Vasquez 0-0: Foul Ball, location: 2F
0-1: Swinging Strike
0-2: Ball
1-2: Ball
2-2: Fly out, F9 (Flyball, 89S, EV 85.0 MPH)
Batting: RHB Pavpv Ivanushkin 0-0: Ball
1-0: Foul Ball, location: 2F
1-1: Ball
2-1: Foul Ball, location: 2F
2-2: Foul Ball, location: 2F
2-2: Foul Ball, location: 2F
2-2: Fly out, F9 (Flyball, 9D, EV 106.2 MPH)
Batting: LHB Dae-ik Yoon 0-0: Ball
1-0: Fly out, F7 (Line Drive, 7, EV 95.0 MPH)
Bottom of the 12th over - 0 runs, 0 hits, 0 errors, 0 left on base; Kansas City 3 - Seattle 3
TOP OF THE 13TH
Kansas City Royals batting - Pitching for Seattle Mariners : RHP Victor Cervantes
Pitching: RHP Aidan Martin
Batting: RHB Mikolas Markus 0-0: Swinging Strike
0-1: Called Strike
0-2: Ball
1-2: Ball
2-2: Foul Ball, location: 2F
2-2: Ball
3-2: Strikes out swinging
Batting: RHB Matt Belgard 0-0: Foul Ball, location: 2F
0-1: Foul Ball, location: 2F
0-2: Ball
1-2: Fly out, F9 (Line Drive, 9S, EV 103.8 MPH)
Batting: LHB Mike Meyerhoff 0-0: Ball
1-0: Called Strike
1-1: Foul Ball, location: 2F
1-2: Foul Ball, location: 2F
1-2: Ball
2-2: Ball
3-2: Strikes out swinging
Top of the 13th over - 0 runs, 0 hits, 0 errors, 0 left on base; Kansas City 3 - Seattle 3
BOTTOM OF THE 13TH
Seattle Mariners batting - Pitching for Kansas City Royals : RHP Jake Gregor
Batting: RHB Corey Ottinger 0-0: Ball
1-0: Ground out 5-3 (Groundball, 56S, EV 76.2 MPH)
Batting: LHB Jerrod Cluck 0-0: Ball
1-0: DOUBLE (Line Drive, 3D, EV 102.5 MPH)
Batting: RHB Malik Brookshire 0-0: Ground out 6-3 (Groundball, 6MS, EV 83.8 MPH)
Jerrod Cluck to third
Pitching: LHP Yorinobu Noguchi
Batting: RHB Young-kwang Ohnn 0-0: Foul Ball, location: 2F
0-1: Foul Ball, location: 2F
0-2: Ball
1-2: Strikes out looking
Bottom of the 13th over - 0 runs, 1 hit, 0 errors, 1 left on base; Kansas City 3 - Seattle 3
TOP OF THE 14TH
Kansas City Royals batting - Pitching for Seattle Mariners : RHP Aidan Martin
Batting: RHB Mike Jaquez 0-0: Swinging Strike
0-1: Ball
1-1: Swinging Strike
1-2: Ball
2-2: Strikes out looking
Batting: SHB Jose Pacheco 0-0: Called Strike
0-1: Hit by Pitch
Batting: SHB Gil Switzer 0-0: Ball
1-0: Ball
2-0: Grounds into double play, 4-6-3 (Groundball, 4, EV 99.4 MPH)
Top of the 14th over - 0 runs, 0 hits, 0 errors, 0 left on base; Kansas City 3 - Seattle 3
BOTTOM OF THE 14TH
Seattle Mariners batting - Pitching for Kansas City Royals : LHP Yorinobu Noguchi
Batting: RHB Kaeo Zirpoli 0-0: Ball
1-0: Swinging Strike
1-1: Called Strike
1-2: Ground out 4-3 (Groundball, 4, EV 85.6 MPH)
Batting: RHB Jimmy Hammertime 0-0: Foul Ball, location: 2F
0-1: Ball
1-1: Foul Ball, location: 2F
1-2: Foul Ball, location: 2F
1-2: Ball
2-2: Fly out, F8 (Flyball, 78M, EV 88.1 MPH)
Batting: RHB Jose Vasquez 0-0: Swinging Strike
0-1: Foul Ball, location: 2F
0-2: Foul Ball, location: 2F
0-2: Ball
1-2: Fly out, F4 (Popup, 34S, EV 85.6 MPH)
Bottom of the 14th over - 0 runs, 0 hits, 0 errors, 0 left on base; Kansas City 3 - Seattle 3
TOP OF THE 15TH
Kansas City Royals batting - Pitching for Seattle Mariners : RHP Aidan Martin
Batting: RHB Bob Najar 0-0: Foul Ball, location: 2F
0-1: Ball
1-1: Foul Ball, location: 2F
1-2: Strikes out swinging
Batting: RHB Adam Martin 0-0: Swinging Strike
0-1: Ball
1-1: Foul Ball, location: 2F
1-2: Strikes out looking
Pitching: LHP Greg Burngooch
Batting: LHB Sam Britt 0-0: Ball
1-0: Ball
2-0: Ball
3-0: Foul Ball, location: 2F
3-1: Base on Balls
Batting: RHB Mikolas Markus 0-0: DOUBLE (Groundball, 5L, EV 101.2 MPH)
Sam Britt to third
Batting: RHB Matt Belgard 0-0: Called Strike
0-1: Called Strike
0-2: Strikes out looking
Top of the 15th over - 0 runs, 1 hit, 0 errors, 2 left on base; Kansas City 3 - Seattle 3
BOTTOM OF THE 15TH
Seattle Mariners batting - Pitching for Kansas City Royals : LHP Yorinobu Noguchi
Batting: RHB Pavpv Ivanushkin 0-0: Called Strike
0-1: Swinging Strike
0-2: Ground out 5-3 (Groundball, 5, EV 81.2 MPH)
Batting: LHB Dae-ik Yoon 0-0: Called Strike
0-1: Foul Ball, location: 2F
0-2: Ball
1-2: Ground out 6-3 (Groundball, 6, EV 100.6 MPH)
Batting: RHB Corey Ottinger 0-0: Ball
1-0: Called Strike
1-1: Ball
2-1: Called Strike
2-2: Ball
3-2: Strikes out swinging
Bottom of the 15th over - 0 runs, 0 hits, 0 errors, 0 left on base; Kansas City 3 - Seattle 3
TOP OF THE 16TH
Kansas City Royals batting - Pitching for Seattle Mariners : LHP Greg Burngooch
Batting: LHB Mike Meyerhoff 0-0: Called Strike
0-1: Foul Ball, location: 2F
0-2: Strikes out looking
Batting: RHB Mike Jaquez 0-0: Ball
1-0: SOLO HOME RUN (Flyball, 78XD, EV 113.8 MPH), Distance : 435 ft
Batting: SHB Jose Pacheco 0-0: Ball
1-0: Swinging Strike
1-1: Fly out, F9 (Flyball, 89S, EV 96.9 MPH)
Batting: SHB Gil Switzer 0-0: Swinging Strike
0-1: SINGLE (Groundball, 56D, EV 94.4 MPH)
Batting: RHB Bob Najar 0-0: Foul Ball, location: 2F
0-1: Swinging Strike
0-2: Strikes out swinging
Top of the 16th over - 1 run, 2 hits, 0 errors, 1 left on base; Kansas City 4 - Seattle 3
BOTTOM OF THE 16TH
Seattle Mariners batting - Pitching for Kansas City Royals : LHP Yorinobu Noguchi
Batting: LHB Jerrod Cluck 0-0: Foul Ball, location: 2F
0-1: Reached on error, E6 (Groundball, 6, EV 83.1 MPH)
Batting: RHB Malik Brookshire 0-0: Swinging Strike
0-1: Foul Ball, location: 2F
0-2: Foul Ball, location: 2F
0-2: Foul Ball, location: 2F
0-2: Ball
1-2: Ball
2-2: Grounds into double play, 6-4-3 (Groundball, 6, EV 80.0 MPH)
Pitching: RHP Bryan Boykin
Batting: RHB Young-kwang Ohnn 0-0: Called Strike
0-1: Ball
1-1: Swinging Strike
1-2: Ball
2-2: Ground out 4-3 (Groundball, 4, EV 86.2 MPH)
Bottom of the 16th over - 0 runs, 0 hits, 1 error, 0 left on base; Kansas City 4 - Seattle 3
Thursday, December 15th , 2022 - OOTP Baseball 23.9 Build 102